 Dungeon Crawl Stone Soup version 0.29.1-2-gbd0b4ee654 (webtiles) character file.

Game seed: 17059717518077963729

666 Zeld the Conjurer (level 7, -6/46 HPs)
             Began as a Demonspawn Conjurer on Oct 27, 2022.
             Killed from afar by a steam dragon (13 damage)
             ... with a ball of steam
             ... on level 4 of the Dungeon.
             The game lasted 00:05:16 (6534 turns).

Zeld the Conjurer (Demonspawn Conjurer)             Turns: 6534, Time: 00:05:16

Health: -6/46      AC:  5    Str:  8    XL:     7   Next: 31%
Magic:  5/14       EV: 12    Int: 21    God:
Gold:   72         SH:  0    Dex: 11    Spells: 13/16 levels left

rFire   . . .      SeeInvis .   (no weapon)
rCold   . . .      Faith    .   (no shield)
rNeg    . . .      Spirit   .   a - +0 robe
rPois   .          Reflect  .   (no helmet)
rElec   .          Harm     .   (no cloak)
rCorr   .          Rampage  .   (no gloves)
Will    .....                   (no boots)
Stlth   ++........              (no amulet)
HPRegen 0.15/turn               (no ring)
MPRegen 0.14/turn               (no ring)

@: no status effects
A: icy blue scales 2, foul stench 1
a: no special abilities


You were on level 4 of the Dungeon.
You visited 1 branch of the dungeon, and saw 4 of its levels.

You collected 162 gold pieces.
You spent 90 gold pieces at shops.

Inventory:

Armour
 a - a +0 robe (worn)
Scrolls
 c - 2 scrolls of magic mapping {unknown}
 d - 2 scrolls of teleportation {unknown}
 e - a scroll of enchant armour {unknown}
 g - 3 scrolls of identify {unknown}
 j - 2 scrolls of blinking {unknown}
 o - a scroll of fear {unknown}
Potions
 b - a potion of magic
 f - a potion of mutation {unknown}
 h - 2 potions of cancellation {unknown}
 i - 3 potions of flight {unknown}
 k - 2 potions of might {unknown}
 l - a potion of haste {unknown}
 m - a potion of lignification {unknown}
 n - a potion of berserk rage {unknown}
 p - 2 potions of curing
 q - a potion of brilliance {unknown}


   Skills:
 + Level 3.5 Dodging
 + Level 4.0 Stealth
 * Level 5.0 Spellcasting
 + Level 5.3 Conjurations


You had 13 spell levels left.
You knew the following spells:

 Your Spells              Type           Power      Damage    Failure   Level
a - Magic Dart            Conj           100%       1d8       1%          1
b - Searing Ray           Conj           54%        2d6       1%          2

Your spell library contained the following spells:

 Spells                   Type           Power      Damage    Failure   Level
 Shock                    Conj/Air       64%        1d7       3%          1
 Sandblast                Erth           10%        2d5       11%         1
 Dazzling Flash           Conj/Hex       32%        N/A       11%         3
 Stone Arrow              Conj/Erth      32%        3d9       11%         3
 Passwall                 Tmut/Erth      4%         N/A       16%         2
 Swiftness                Air            5%         N/A       32%         3
 Fulminant Prism          Conj/Hex       8%         3d7       34%         4
 Iskenderun's Mystic Bla  Conj/Tloc      16%        2d5       34%         4
 Airstrike                Air            2%         2d(1-17)  71%         4


Dungeon Overview and Level Annotations

Branches:
Dungeon (4/15)
 Temple: D:4-7

Altars:
Fedhas
Okawaru
Uskayaw

Annotations:
D:4 2 runed translucent doors


Innate Abilities, Weirdness & Mutations

You are mostly covered in icy blue scales. (AC +3)
You may rarely emit foul miasma when damaged in melee.


Message History

The searing ray hits the steam dragon.
The steam dragon is lightly wounded. (Press . to maintain the ray.)
The steam dragon breathes steam at you. The ball of steam misses you.
The searing ray hits the steam dragon.
The steam dragon is moderately wounded.
You are engulfed in a cloud of scalding steam.
The steam dragon breathes steam at you. The ball of steam hits you!
The searing ray hits the steam dragon but does no damage.
The steam dragon is moderately wounded.
You are engulfed in a cloud of scalding steam.
The searing ray misses the steam dragon.
You finish channelling your searing ray.
You are engulfed in a cloud of scalding steam.
The steam dragon barely misses you. The steam dragon claws you.
Unknown command.
Casting: Searing Ray (safe; 1% risk of failure)
Confirm with . or Enter, or press ? or * to list all spells.
Aiming: Searing Ray (safe; 1% risk of failure)
Press: ? - help, Shift-Dir - straight line, f/p - steam dragon
Aim: a steam dragon (moderately wounded, catching its breath, 79% to hit)
The searing ray hits the steam dragon!
The steam dragon is heavily wounded. (Press . to maintain the ray.)
The steam dragon bites you!
* * * LOW HITPOINT WARNING * * *
The steam dragon closely misses you.
The searing ray hits the steam dragon!
The steam dragon is severely wounded.
The steam dragon bites you.
* * * LOW HITPOINT WARNING * * *
The steam dragon claws you but does no damage.
Unknown command.
The searing ray hits the steam dragon.
The steam dragon is almost dead.
The steam dragon breathes steam at you. The ball of steam hits you!
You die...

#.#....# #.####.#
#. #.#######...
##.####.#........#
#.........######..
..#####..##....##
.#######.#.####.#
#........#).#.#.#
..##++##.'.#.##@#
#8. #######D.# #8.
...## .#! #### .#
.


You could see a steam dragon (catching breath).

Vanquished Creatures
  Grinder (D:3)
  Eustachio (D:4)
  An orc priest (D:3)
  3 orc wizards (D:3)
  Natasha (twice) (D:2)
  4 adders
  4 worms
  A dart slug (D:1)
  12 orcs
  10 bats
  9 endoplasms
  3 giant cockroaches
  8 goblins
  7 hobgoblins
  4 jackals (D:3)
  3 kobolds
  4 quokkas
  6 ball pythons
  3 frilled lizards
  4 rats
90 creatures vanquished.

Notes
Turn   | Place    | Note
-------+----------+-------------------------------------------
     0 | D:1      | Zeld the Demonspawn Conjurer began the quest for the Orb.
     0 | D:1      | Reached XP level 1. HP: 13/13 MP: 3/3
   428 | D:1      | Gained mutation: You may rarely emit foul miasma when
                  | damaged in melee. [demonic ancestry]
   428 | D:1      | Reached XP level 2. HP: 17/19 MP: 0/5
   967 | D:1      | Found a faded altar of an unknown god.
  1055 | D:1      | Reached XP level 3. HP: 24/24 MP: 0/6
  1506 | D:2      | Learned a level 2 spell: Searing Ray
  1935 | D:2      | Noticed Natasha
  1939 | D:2      | Killed Natasha
  1940 | D:2      | Gained mutation: You are partially covered in icy blue
                  | scales. (AC +2) [demonic ancestry]
  1940 | D:2      | Reached XP level 4. HP: 17/30 MP: 2/8
  2256 | D:2      | Noticed Natasha
  2261 | D:2      | Killed Natasha
  2342 | D:2      | Found a blossoming altar of Fedhas.
  2832 | D:3      | Reached XP level 5. HP: 35/35 MP: 0/10
  3472 | D:3      | Noticed Grinder
  3537 | D:3      | Paralysed by Grinder for 2 turns
  3782 | D:3      | Paralysed by Grinder for 2 turns
  4038 | D:3      | Paralysed by Grinder for 5 turns
  4053 | D:3      | Paralysed by Grinder for 2 turns
  4144 | D:3      | Paralysed by Grinder for 2 turns
  4151 | D:3      | Paralysed by Grinder for 5 turns
  4164 | D:3      | Paralysed by Grinder for 5 turns
  4169 | D:3      | Killed Grinder
  4170 | D:3      | Reached skill level 5 in Conjurations
  4170 | D:3      | Gained mutation: You are mostly covered in icy blue scales.
                  | (AC +3) [demonic ancestry]
  4170 | D:3      | Reached XP level 6. HP: 40/41 MP: 0/12
  4320 | D:3      | Found a hide-covered altar of Uskayaw.
  5435 | D:4      | Found an iron altar of Okawaru.
  5500 | D:4      | Noticed Eustachio
  5992 | D:4      | Reached XP level 7. HP: 46/46 MP: 9/13
  6176 | D:4      | Found Zin's Purification Station.
  6184 | D:4      | Bought a potion of curing for 90 gold pieces
  6352 | D:4      | Killed Eustachio
  6485 | D:4      | Found a large runed translucent door.
  6485 | D:4      | Found a large runed translucent door.
  6493 | D:4      | Reached skill level 5 in Spellcasting
  6526 | D:4      | Noticed a steam dragon
  6534 | D:4      | Killed from afar by a steam dragon

Illustrated notes

Levels and vault maps discovered:
D:1:      eino_arrival_cavern_e, layout_loops_ring,
          chequers_ecumenical_altar_lobes, patterned_corridor
D:2:      layout_loops_ring, basic_altar, kennysheep_big_empty_room,
          uniq_natasha
D:3:      layout_basic, elyvilon_altar_5, lemuel_round_altar, uniq_grinder
D:4:      layout_basic, okawaru_ov_weapons_minmay,
          nicolae_wu_jian_immortal_techniques, zin_purify,
          mrwooster_statue_mirror, minmay_hollow_rounded_squares,
          uniq_eustachio, uniq_crazy_yiuf_cottage, uniq_menkaure

Skill      XL: |  1  2  3  4  5  6  7 |
---------------+----------------------+-----
Stealth        | 2 3 4 |  4.0
Dodging        | 2 3 |  3.5
Spellcasting   | 3 4 5 |  5.0
Conjurations   | 5 |  5.3

Action                   |  1- 3 |  4- 6 |  7- 9 || total
-------------------------+-------+-------+-------++-------
Melee: Unarmed           |     9 |     8 |     4 ||    21
 Cast: Magic Dart        |    63 |    91 |     4 ||   158
       Searing Ray       |     2 |    30 |     8 ||    40
Armor: Robe              |     3 |    15 |    30 ||    48
Dodge: Dodged            |     9 |    24 |    41 ||    74
